 Dungeon Crawl Stone Soup version 0.31.0-7-gf635a9b802 (webtiles) character file.

Game seed: 3528491186072454915

77 monsoonserge the Grasshopper (level 4, -1/33 HPs)
             Began as a Demonspawn Warper on Jan 23, 2024.
             Slain by a gnoll
             ... wielding a +0 club
              (3 damage)
             ... on level 2 of the Dungeon.
             The game lasted 00:04:16 (1510 turns).

monsoonserge the Grasshopper (Demonspawn Warper)    Turns: 1510, Time: 00:04:17

Health: -1/33      AC:  5    Str: 11    XL:     4   Next: 14%
Magic:  5/7        EV: 10    Int: 18    God:
Gold:   73         SH:  0    Dex: 12    Spells: 5/7 levels left

rFire   . . .        a - +0 mace
rCold   . . .        (no shield)
rNeg    . . .        f - +0 ring mail
rPois   .            (no helmet)
rElec   .            k - scarf {shadows}
rCorr   .            (no gloves)
SInv    .            (no boots)
Will    .....        (no amulet)
Stlth   +            (no ring)
HPRegen 0.25/turn    (no ring)
MPRegen 0.10/turn

%: no passive effects
@: on blink cooldown, hasted, very quick
A: big brain 1
a: no special abilities


You were on level 2 of the Dungeon.
You visited 1 branch of the dungeon, and saw 2 of its levels.

You collected 73 gold pieces.

Inventory:

Hand Weapons
 a - a +0 mace (weapon)
Missiles
 d - 7 darts of dispersal (quivered)
Armour
 b - a +0 leather armour
 f - a +0 ring mail (worn)
 k - a scarf of shadows (worn)
Scrolls
 c - a scroll of blinking
 e - 6 scrolls of identify {unknown}
 i - a scroll of immolation {unknown}
 j - a scroll of teleportation {unknown}
 l - a scroll of enchant weapon {unknown}
Potions
 g - a potion of might {unknown}
 h - a potion of haste


   Skills:
 + Level 2.2 Fighting
 + Level 2.7 Maces & Flails
 + Level 0.8 Throwing
 * Level 1.8 Armour
 + Level 2.1 Dodging
 - Level 2.0 Spellcasting
 + Level 3.2 Translocations


You had 5 spell levels left.
You knew the following spells:

 Your Spells              Type           Power      Damage    Failure   Level
a - Blink                 Tloc           26%        N/A       17%         2

Your spell library contained the following spells:

 Spells                   Type           Power      Damage    Failure   Level
 Lesser Beckoning         Tloc           26%        N/A       17%         2
 Teleport Other           Tloc           13%        N/A       34%         3
 Manifold Assault         Tloc           13%        N/A       75%         4
 Vhi's Electric Charge    Tloc/Air       14%        N/A       91%         4


Dungeon Overview and Level Annotations

Branches:
Dungeon (2/15)

Altars:


Innate Abilities, Weirdness & Mutations

You have an unusually large brain. (Int +2)


Message History

You hit the gnoll but do no damage.
The gnoll is lightly wounded.
The gnoll barely misses you. x2; The gnoll hits you with a +0 flail.
You hit the gnoll.
The gnoll is moderately wounded.
The gnoll hits you from afar with a +0 spear.
The gnoll barely misses you.
You hit the gnoll but do no damage. Your punch misses the gnoll.
The gnoll is moderately wounded.
The gnoll hits you with a +0 flail! The gnoll barely misses you.
You hit the gnoll.
The gnoll is severely wounded.
The gnoll completely misses you. The gnoll hits you but does no damage.
The gnoll completely misses you. The gnoll hits you but does no damage.
You hit the gnoll.
The gnoll is almost dead.
The gnoll hits you but does no damage. The gnoll completely misses you.
You hit the gnoll.
You kill the gnoll!
The gnoll hits you from afar with a +0 spear.
You hit the gnoll.
The gnoll is heavily wounded.
The gnoll hits you with a +0 club!
* * * LOW HITPOINT WARNING * * *
The gnoll closely misses you.
Unknown command.
Casting: Blink (safe; 17% risk of failure)
Confirm with . or Enter, or press ? or * to list all spells.
You blink.
Unknown command.
The gnoll hits you from afar with a +0 spear.
* * * LOW HITPOINT WARNING * * *
The gnoll attacks as it pursues you! The gnoll hits you but does no damage.
It was a potion of haste.
You feel yourself speed up. The gnoll hits you with a +0 club.
* * * LOW HITPOINT WARNING * * *
You open the door.
There is an open door here.
The gnoll attacks as it pursues you! The gnoll hits you with a +0 club.
You die...

..###...###########
...###.##.#.......###
.#.#####..#...........#
.#..# #..#...........#
.##)# #..#...........#
.#..# #..#...........#
.#.#####..#...........#
..........#...........#
..###.#.........@.....#
.#...##......####g#####
#..8.⌠#......# #.#
#.8..###....)# #g#
#...#∩#⌠#....####g#####
.#⌠#_#...#...##.........
#####..8.#...##.........
# #⌠.8..#....).[.......
# ##...#.#####.........


You could see 3 gnolls.

Vanquished Creatures
  A gnoll (D:2)
  An adder (D:2)
  A dart slug (D:2)
  A ribbon worm (D:2)
  6 ball pythons
  An endoplasm (D:1)
  2 giant cockroaches (D:1)
  3 goblins
  6 hobgoblins
  7 jackals (D:2)
  5 kobolds
  4 quokkas
  6 bats
  2 frilled lizards (D:2)
  5 rats
51 creatures vanquished.

Notes
Turn   | Place    | Note
-------+----------+-------------------------------------------
     0 | D:1      | monsoonserge the Demonspawn Warper began the quest for the
                  | Orb.
     0 | D:1      | Reached XP level 1. HP: 16/16 MP: 3/3
   100 | D:1      | Reached skill level 3 in Translocations
   106 | D:1      | Gained mutation: You have an unusually large brain. (Int
                  | +2) [demonic ancestry]
   106 | D:1      | Reached XP level 2. HP: 22/22 MP: 5/5
   109 | D:1      | Learned a level 2 spell: Blink
   151 | D:1      | Reached skill level 1 in Armour
  1005 | D:2      | Reached XP level 3. HP: 22/27 MP: 6/6
  1092 | D:2      | Found a faded altar of an unknown god.
  1493 | D:2      | Reached XP level 4. HP: 33/33 MP: 7/7
  1506 | D:2      | HP: 1/33 [gnoll/+0 club (3)]
  1510 | D:2      | Slain by a gnoll

Illustrated notes

Levels and vault maps discovered:
D:1:      dpeg_arrival_simpleton_c, layout_basic, minmay_misc_feat_hallway
D:2:      minmay_alternating_diamond, layout_basic,
          shapermc_ecumenical_altar_venn, st_stairs_10

Skill      XL: |  1  2  3 |
---------------+----------+-----
Translocations | 3 |  3.2
Armour         | 1 |  1.8
Maces & Flails | 2 |  2.7
Dodging        | 2 |  2.1
Fighting       | |  2.2
Throwing       | |  0.8
Spellcasting   | |  2.0

Action                     |  1- 3 |  4- 6 || total
---------------------------+-------+-------++-------
  Melee: Mace              |   158 |     8 ||   166
   Cast: Blink             |       |     1 ||     1
    Use: Potion            |       |     1 ||     1
 Armour: Leather armour    |     7 |       ||     7
         Ring mail         |   114 |    12 ||   126
  Dodge: Dodged            |   128 |     9 ||   137
